 Dungeon Crawl Stone Soup version 0.20.1-1-g8b1a95d (webtiles) character file.

221 McKennaii the Gusty (level 5, -2/28 HPs)
             Began as a Tengu Air Elementalist on Aug 1, 2017.
             Killed by divine providence
             ... invoked by an orc priest
              (12 damage)
             ... on level 3 of the Dungeon.
             The game lasted 00:06:26 (2426 turns).

McKennaii the Gusty (Tengu Air Elementalist)        Turns: 2426, Time: 00:06:27

Health: -2/28      AC:  2    Str:  8    XL:     5   Next: 98%
Magic:  6/11       EV: 13    Int: 17    God:
Gold:   84         SH:  0    Dex: 14    Spells: 3/11 levels left

rFire    . . .     SeeInvis .   (no weapon)
rCold    . . .     Gourm    .   (no shield)
rNeg     . . .     Faith    .   a - +0 robe
rPois    +         Spirit   .   (helmet restricted)
rElec    .         Reflect  .   (no cloak)
rCorr    .         Harm     .   (no gloves)
MR       .....                  (boots unavailable)
Stlth    +++.......             (no amulet)
Regen    0.1/turn               p - ring of poison resistance
MPRegen  0.2/turn               s - ring of stealth

@: very slightly contaminated
A: beak, talons 3, able to fly 1
a: Fly


You were on level 3 of the Dungeon.
You were very hungry.

You visited 1 branch of the dungeon, and saw 3 of its levels.

You collected 84 gold pieces.

Inventory:

Armour
 a - a +0 robe (worn)
Jewellery
 p - a ring of poison resistance (left hand)
 s - a ring of stealth (right hand)
Scrolls
 f - 2 scrolls of remove curse {unknown}
 g - a scroll of identify {unknown}
 j - a scroll of enchant weapon {unknown}
 k - a scroll of random uselessness {unknown}
 l - 3 scrolls of teleportation {unknown}
 q - a scroll of magic mapping {unknown}
 u - a scroll of amnesia {unknown}
Potions
 d - a potion of curing {unknown}
 e - 2 potions of degeneration {unknown}
 h - 2 potions of agility {unknown}
 m - a potion of cancellation {unknown}
 n - 2 potions of brilliance {unknown}
 o - a potion of berserk rage {unknown}
 t - 2 potions of heal wounds {unknown}
Books
 b - a book of Air

   Spells                             Type                      Level
   a - Shock                          Conjuration/Air              1
   b - Swiftness                      Charms/Air                   2
   c - Static Discharge               Conjuration/Air              3
   d - Airstrike                      Air                          4
   e - Lightning Bolt                 Conjuration/Air              5
 i - a book of Cantrips

   Spells                             Type                      Level
   a - Confusing Touch                Hexes                        1
   b - Animate Skeleton               Necromancy                   1
   c - Summon Small Mammal            Summoning                    1
   d - Apportation                    Translocation                1
Comestibles
 c - 2 bread rations
 r - a meat ration


   Skills:
 + Level 2.6 Dodging
 + Level 2.3 Stealth
 + Level 3.9 Spellcasting
 + Level 3.1 Conjurations
 + Level 5.5 Air Magic


You had 3 spell levels left.
You knew the following spells:

 Your Spells              Type           Power        Failure   Level  Hunger
a - Shock                 Conj/Air       ###.         2%          1    None
b - Swiftness             Chrm/Air       ##......     8%          2    ##.....
c - Summon Small Mammal   Summ           #...         16%         1    None
d - Airstrike             Air            ###.......   16%         4    ####...


Dungeon Overview and Level Annotations

Branches:
Dungeon (3/15)

Altars:

Annotations:
D:3 Gelerth's ghost, amateur DsCK


Innate Abilities, Weirdness & Mutations

You have a beak for a mouth.
You have claws for feet.
You can fly.


Message History

Ouch! That really hurt!
Casting: Shock
Confirm with . or Enter, or press ? or * to list all spells.
Aiming: Shock
Press: ? - help, Shift-Dir - straight line, f/p - orc priest
Aim: an orc priest, wearing a scale mail The zap hits the orc priest.
The orc priest is moderately wounded.
An orc comes into view. It is wielding a flail.
Casting: Shock
Confirm with . or Enter, or press ? or * to list all spells.
Aiming: Airstrike
Press: ? - help, Dir - move target cursor, f/p - orc priest
Aim: an orc priest, wearing a scale mail (moderately wounded)
Okay, then.
Unknown command.
Okay, then.
The orc priest calls down the wrath of Beogh upon you.
Beogh smites you!
You die...

.....##.# #..# .......
.....##.# ##.##.......
......#.# #..#.......
####..#.# ##.#.......
..#.# #.#....... #.#
#..#+# ##.#.# .#.# #...#
####..#.#######.@#####.)
........ .......(....oo.
####..# #####........#..
..##..#.### #...$....+
......#.....#........#
..........#.####.......
...##.### #.# #........
......# #.# #.....)..
##.##.# #.# ###......


You could see an orc priest and an orc (wandering).

Vanquished Creatures
  Jessica (D:2)
  Natasha (thrice) (D:2)
  An orc wizard (D:3)
  3 adders
  An ooze (D:2)
  A worm (D:2)
  3 dart slugs (D:1)
  4 leopard geckos
  6 orcs (D:3)
  3 giant cockroaches
  6 goblins (D:2)
  5 hobgoblins
  A quokka (D:2)
  A ball python (D:3)
  3 bats
  3 frilled lizards (D:1)
  3 kobolds
  4 rats
52 creatures vanquished.

Notes
Turn   | Place    | Note
-------+----------+-------------------------------------------
     0 | D:1      | McKennaii the Tengu Air Elementalist began the quest for the Orb.
     0 | D:1      | Reached XP level 1. HP: 10/10 MP: 4/4
   149 | D:1      | Reached XP level 2. HP: 15/15 MP: 1/6
   390 | D:1      | Reached XP level 3. HP: 18/19 MP: 0/7
   462 | D:1      | Learned a level 2 spell: Swiftness
   990 | D:2      | Learned a level 1 spell: Summon Small Mammal
  1202 | D:2      | Noticed Jessica
  1204 | D:2      | Killed Jessica
  1204 | D:2      | Reached skill level 5 in Air Magic
  1204 | D:2      | Reached XP level 4. HP: 24/24 MP: 1/9
  1288 | D:2      | Noticed Natasha
  1300 | D:2      | Killed Natasha
  1391 | D:2      | Noticed Natasha
  1397 | D:2      | Killed Natasha
  1397 | D:2      | Gained mutation: You can fly. [Tengu growth]
  1397 | D:2      | Reached XP level 5. HP: 16/28 MP: 2/10
  1627 | D:2      | Noticed Natasha
  1632 | D:2      | Killed Natasha
  1853 | D:2      | Learned a level 4 spell: Airstrike
  2018 | D:3      | Noticed Gelerth's ghost (amateur DsCK)
  2426 | D:3      | Killed from afar by an orc priest

Skill      XL: |  1  2  3  4  5 |
---------------+----------------+-----
Spellcasting   | 3 |  3.9
Air Magic      | 5 |  5.5
Conjurations   | 2 3 |  3.1
Dodging        | |  2.6
Stealth        | |  2.3

Action                   |  1- 3 |  4- 6 || total
-------------------------+-------+-------++-------
 Cast: Shock             |    66 |    72 ||   138
  Eat: Chunk             |     2 |     2 ||     4
Armor: Robe              |     2 |       ||     2
Dodge: Dodged            |     5 |    10 ||    15
